 Dungeon Crawl Stone Soup version 0.19.5 (webtiles) character file.

76 ronnoc the Grave Robber (level 4, 29/30 HPs)
             Began as a Demonspawn Necromancer on Apr 9, 2017.
             Quit the game on level 2 of the Dungeon.
             The game lasted 00:04:56 (2130 turns).

ronnoc the Grave Robber (Demonspawn Necromancer)    Turns: 2130, Time: 00:04:56

Health: 29/30      AC:  2    Str:  8    XL:     4   Next: 12%
Magic:  6/8        EV: 12    Int: 18    God:
Gold:   87         SH:  0    Dex: 13    Spells: 3 memorised, 3 levels left

rFire  . . .     SeeInvis .     d - +1 dagger (venom)
rCold  . . .     Gourm    .     a - +0 robe
rNeg   . . .     Faith    .     (no shield)
rPois  .         Spirit   .     (no helmet)
rElec  .         Reflect  .     (no cloak)
rCorr  .         Harm     .     (no gloves)
MR     .....                    (no boots)
Stlth  ++........               (no amulet)
                                (no ring)
                                (no ring)

@: no status effects
A: talons 2, powered by pain 1
a: no special abilities


You were on level 2 of the Dungeon.
You were not hungry.

You visited 1 branch of the dungeon, and saw 2 of its levels.

You collected 87 gold pieces.

Inventory:

Hand Weapons
 d - a +1 dagger of venom (weapon)
Armour
 a - a +0 robe (worn)
Jewellery
 i - an uncursed ring of flight
 n - an uncursed ring of see invisible
Scrolls
 e - 2 scrolls of identify
 f - 2 scrolls of teleportation {unknown}
 h - a scroll of noise {unknown}
 j - a scroll of enchant armour {unknown}
 k - a scroll of immolation {unknown}
Potions
 g - a potion of resistance {unknown}
 l - a potion of invisibility {unknown}
 m - a potion of lignification {unknown}
Books
 b - a book of Necromancy

   Spells                             Type                      Level
   a - Pain                           Necromancy                   1
   b - Animate Skeleton               Necromancy                   1
   c - Vampiric Draining              Necromancy                   3
   d - Regeneration                   Charms/Necromancy            3
   e - Animate Dead                   Necromancy                   4
   f - Control Undead                 Necromancy                   4
Comestibles
 c - 2 bread rations


   Skills:
 + Level 2.2 Dodging
 - Level 1.7 Stealth
 + Level 2.7 Spellcasting
 * Level 5.5 Necromancy


You had 3 spell levels left.
You knew the following spells:

 Your Spells              Type           Power        Failure   Level  Hunger
a - Pain                  Necr           ###.         1%          1    #......
b - Animate Skeleton      Necr           N/A          1%          1    #......
c - Vampiric Draining     Necr           ###.......   6%          3    ###....


Dungeon Overview and Level Annotations

Branches:
Dungeon (2/15)

Altars:


Innate Abilities, Weirdness & Mutations

You have razor-sharp toenails.
You sometimes gain a little power by taking damage.


Message History

Press: ? - help, Shift-Dir - straight line, f - hobgoblin
Aim: a hobgoblin, wielding a club (chance to defeat MR: 91%)
The hobgoblin writhes in agony!
You kill the hobgoblin!
Casting: Pain
Confirm with . or Enter, or press ? or * to list all spells.
Aiming: Pain
Press: ? - help, Shift-Dir - straight line, f - hobgoblin
Aim: a hobgoblin, wielding a club (chance to defeat MR: 91%)
The hobgoblin writhes in agony!
You kill the hobgoblin!
Casting: Pain
Confirm with . or Enter, or press ? or * to list all spells.
You can't see any susceptible monsters within range! (Use Z to cast anyway.) Unknown command.
Things that are here:
a club; a hobgoblin corpse
Things that are here:
a club; a hobgoblin corpse Are you sure you want to abandon this character and quit the game? (Confirm with "yes".)

.....# ##.#
#.....##.....##
#### ##..## #.#
#.....###...##
#..# #.# #######
##.## #..# #(#
#.# #..# #<#
########.####
##...#####.#
#..)).......#
..........)#
#.####...##.#
.......##.## #.#
#.### ......#
#†# #@# #.#
####..###.## #.#
#.#
###.##...#####.#
#.# ##
...............#
#.##.. #
###.##...#######
#.##.#
#####.###.##
#>##.#
..>.......#
#.##.#
####..#####
#.##.# ####..#
#.##.##


There were no monsters in sight!

Vanquished Creatures
  A gnoll (D:1)
  An adder (D:2)
  An ooze (D:2)
  A dart slug (D:2)
  2 leopard geckos (D:1)
  6 bats
  5 giant cockroaches
  3 goblins
  11 hobgoblins
  2 jackals (D:1)
  5 kobolds
  A ball python (D:1)
  A frilled lizard (D:1)
  4 rats
44 creatures vanquished.

Notes
Turn   | Place    | Note
-------+----------+-------------------------------------------
     0 | D:1      | ronnoc the Demonspawn Necromancer began the quest for the Orb.
     0 | D:1      | Reached XP level 1. HP: 13/13 MP: 3/3
   253 | D:1      | Learned a level 1 spell: Animate Skeleton
   444 | D:1      | Gained mutation: You sometimes gain a little power by taking damage. [demonic ancestry]
   444 | D:1      | Reached XP level 2. HP: 17/19 MP: 1/5
   914 | D:1      | Reached skill level 5 in Necromancy
   914 | D:1      | Gained mutation: You have sharp toenails. [demonic ancestry]
   914 | D:1      | Reached XP level 3. HP: 11/24 MP: 1/6
  1087 | D:1      | Learned a level 3 spell: Vampiric Draining
  1870 | D:2      | Gained mutation: You have razor-sharp toenails. [demonic ancestry]
  1870 | D:2      | Reached XP level 4. HP: 30/30 MP: 6/8
  2130 | D:2      | Quit the game

Skill      XL: |  1  2 |
---------------+-------+-----
Dodging        | 2 |  2.2
Necromancy     | 5 |  5.5
Stealth        | |  1.7
Spellcasting   | |  2.7

Action                   |  1- 3 |  4- 6 || total
-------------------------+-------+-------++-------
Melee: Dagger            |    31 |     8 ||    39
       Kick              |     3 |     2 ||     5
 Cast: Pain              |    60 |     8 ||    68
       Animate Skeleton  |     1 |       ||     1
  Use: Scroll            |       |     2 ||     2
  Eat: Chunk             |     3 |     1 ||     4
Armor: Robe              |     9 |       ||     9
Dodge: Dodged            |    41 |     8 ||    49
